Semilg, lawful female dwarven Valkyrie ----- ------- -------------- |....####|.....| |............+ |..<| #......-# #.............| ------- |...+ ##|.....|# ###|............| +.....| |...| |...%.|# # -.------------ |.)...| |...| -------# ### ### #......-# |...| # # # #-------) --.-- # ### ### # # #################### # # # #-----###%########%##################### # #|...|# --.---|--------- # # #|...|# |..............| ####d@d### #|.(.|# |..............| # #--.- --- #-....# |..............| # #I.I....` |...| |..............| +# |.....(.| ----- ---------------- |`....... -------- Semilg the Skirmisher Experience level: 5 Strength: 20 Dexterity: 9 Constitution: 20 Intelligence: 9 Wisdom: 10 Charisma: 7 Health: 0(84) Energy: 0(0) Def: 0 Gold: 648 Moves: 3449 Dungeon seed: dWQyIneYmt-NSZuD Game ID: Semilg_1631375161 Your Inventory: Coins $ - 648 gold pieces Weapons b - an uncursed +0 dagger i - 3 uncursed +0 orcish daggers u - 7 uncursed +0 darts Comestibles j - an uncursed tin of lichen v - an uncursed fortune cookie w - an uncursed tripe ration Scrolls f - a blessed scroll of magic mapping k - 2 uncursed scrolls of identify x - an uncursed scroll of enchant armor Rings o - a blessed +1 ring of searching Wands m - an uncursed wand of summoning (0:7) Tools d - an uncursed oil lamp (0:1368) p - an uncursed skeleton key Gems n - 2 uncursed worthless pieces of orange glass q - 2 uncursed agate stones r - an uncursed worthless piece of green glass y - 2 uncursed worthless pieces of black glass Spells and supernatural/magical abilities: Name Level Category Cost Memory W - pray for help -- divine ? -- Your skills at the end: Fighting Skills wands [Basic] Weapon Skills dagger [Basic] long sword [Basic] Spellcasting Skills Final Attributes: You were piously aligned. You were immune to cold. You saw invisible. You had infravision. You were going to confuse monsters. You were stealthy. You were a werewolf. You last prayed 1490 turns ago. Tyr was noncommittal. You are dead. Vanquished creatures: 3 wolves a giant spider a snake an imp a rock piercer 3 fog clouds a violet fungus a kobold mummy a gray ooze a little dog a floating eye a kitten a homunculus 6 hill orcs 3 rothes a werejackal 2 killer bees a hobgoblin 7 giant rats 2 yellow molds a green mold a red mold 2 garter snakes a gecko 3 jackals 4 foxes 2 kobolds a goblin 3 sewer rats 7 grid bugs 3 bats 2 lichens a kobold zombie 5 newts 75 creatures vanquished. Voluntary challenges: You had been an atheist until turn 1892. You used a wielded weapon 46 times, starting on turn 182. You read items or engraved 1 time, starting on turn 3449. You never genocided any monsters. You never polymorphed an object. You changed form 1 time, starting on turn 3421. You used no wishes. You never split a pudding. You never wrote Elbereth's name. You never violated your personal moral code. Dungeon overview: The Dungeons of Doom: levels 1 to 8 Level 1 a vault a long staircase Level 2 an armor shop stairs to The Gnomish Mines Level 3 Level 4 a vault Level 5 some fountains Level 6 Level 7 a fountain, a sink Level 8 <- You were here a vault The Gnomish Mines: Level 3 stairs to The Dungeons of Doom History has recorded: On T:1 you entered the Dungeons of Doom to retrieve the Amulet of Yendor! On T:441 you reached level 2 of The Dungeons of Doom. On T:608 you reached level 1 of The Gnomish Mines. On T:646 you reached level 3 of The Dungeons of Doom. On T:833 you advanced to experience level 2. On T:846 you reached level 4 of The Dungeons of Doom. On T:1330 you advanced to experience level 3. On T:1453 you reached level 5 of The Dungeons of Doom. On T:1939 you advanced to experience level 4. On T:2025 you reached level 6 of The Dungeons of Doom. On T:2246 you reached level 7 of The Dungeons of Doom. On T:3090 you reached level 8 of The Dungeons of Doom. On T:3192 you advanced to experience level 5. Score breakdown: Gold: 648 ( 9566 points) Experience: 5 levels (11141 points) Exploration: 8 levels ( 17.02%) (11702 points) Discoveries: 2 items ( 0.80%) ( 2683 points) Valuables value: (no points given unless you survive) Artifact value: 0 ( 0 points) Variety of kills: 34 monsters ( 8.95%) ( 8973 points) Turncount: 3449 turns ( -806 points) Survival: died (score multiplied by 80%) Total score: 34607 Latest messages: It must be a potion of gain ability. The winter wolf bites! You return to dwarven form! You feel sickly! You must have lost poison resistance. You feel less regenerative! You must have lost regeneration. You feel less regenerative. You feel less energic! You must have lost drain resistance. The wolf bites! You hear some noises in the distance. That is a silly thing to read. As you read the scroll, it disappears. Your hands begin to glow red. (You can name a scroll labeled READ ME from the item naming menu.) The winter wolf bites! The wolf bites! You die... For some reason, you think that you can almost hear the Wizard laugh manically... Final status: Farvel Semilg the Valkyrie, killed by a wolf... You died in The Dungeons of Doom on dungeon level 8 with 34607 points, and 648 pieces of gold, after 3449 moves. You were level 5 with a maximum of 84 hit points when you died.